 Dungeon Crawl Stone Soup version 0.30-a0-141-g30f27751c5 (webtiles) character file.

Game seed: 15052788384133944848

23 123456 the Digger (level 3, -1/19 HPs)
             Began as a Gargoyle Earth Elementalist on Sept 26, 2022.
             Slain by a goblin
             ... wielding a +0 club
             ... led by Robin
              (5 damage)
             ... on level 2 of the Dungeon.
             The game lasted 00:01:28 (1225 turns).

123456 the Digger (Gargoyle Earth Elementalist)     Turns: 1225, Time: 00:01:29

Health: -1/19      AC:  5    Str: 11    XL:     3   Next: 0%
Magic:  4/6        EV: 12    Int: 17    God:
Gold:   50         SH:  0    Dex: 10    Spells: 5/6 levels left

rFire   . . .      SeeInvis .    h - +2 dagger (venom)
rCold   . . .      Faith    .    (no shield)
rNeg    + . .      Spirit   .    a - +0 robe
rPois   ∞          Reflect  .    (no helmet)
rElec   +          Harm     .    (no cloak)
rCorr   .          Rampage  .    (no gloves)
Will    .....                    (no boots)
Stlth   ++........               (no amulet)
HPRegen 0.06/turn                (no ring)
MPRegen 0.10/turn                (no ring)

@: no status effects
A: sickness immunity, AC +3, negative energy resistance 1, electricity
resistance, torment resistance 1, petrification resistance
a: no special abilities


You were on level 2 of the Dungeon.
You visited 1 branch of the dungeon, and saw 2 of its levels.

You collected 50 gold pieces.

Inventory:

Hand Weapons
 h - a +2 dagger of venom (weapon)
Armour
 a - a +0 robe (worn)
Scrolls
 c - 4 scrolls of identify
 e - a scroll of butterflies
 f - 2 scrolls of immolation
Potions
 b - a potion of magic
 g - a potion of curing {unknown}


   Skills:
 + Level 1.8 Dodging
 + Level 2.5 Stealth
 * Level 2.4 Spellcasting
 - Level 0.7 Transmutations
 * Level 4.0 Earth Magic


You had 5 spell levels left.
You knew the following spells:

 Your Spells              Type           Power      Damage    Failure   Level
a - Sandblast             Erth           32%        2d9       3%          1

Your spell library contained the following spells:

 Spells                   Type           Power      Damage    Failure   Level
 Passwall                 Tmut/Erth      8%         N/A       11%         2
 Stone Arrow              Conj/Erth      18%        3d8       24%         3
 Summon Guardian Golem    Hex/Summ       2%         N/A       50%         3
 Petrify                  Tmut/Erth      10%        N/A       56%         4
 Orb of Destruction       Conj           1%         9d5       100%        7
 Spellforged Servitor     Conj/Summ      1%         N/A       100%        7


Dungeon Overview and Level Annotations

Branches:
Dungeon (2/15)

Altars:

Shops:
D:1 *

Annotations:
D:2 Robin


Innate Abilities, Weirdness & Mutations

You are immune to sickness and miasma.
Your stone body is resilient. (AC +3)
You are immune to poison.
You resist negative energy. (rN+)
You are resistant to electric shocks. (rElec)
You are resistant to unholy torment.
You are immune to petrification.


Message History

As you open the door, it creaks loudly!
Found 6 gold pieces.
No target in view!
There is an open door here.
You now have 50 gold pieces (gained 6).
A hobgoblin and a goblin come into view.
The goblin is wielding a +2 vampiric dagger.
Found a stone staircase leading down.
There are monsters nearby! 2 goblins and a quokka come into view.
The goblin shouts!
A goblin comes into view.
It is wielding a +2 vampiric dagger. 3 goblins come into view.
The goblin shouts!
A hobgoblin comes into view.
Robin of the Strong Arm comes into view.
They are wielding a +0 short sword.
The goblin moves out of view.
A goblin comes into view. It is wielding a +0 dagger. x2
A goblin comes into view. It is wielding a +0 club.
The blast of sand hits the goblin!
You kill the goblin!
Robin shouts!
The goblin shouts! x4
Robin roars a battlecry!
The goblins go into a battle-frenzy!
The quokka bites you.
You have reached level 3!
Your experience leads to an increase in your attributes!
Increase (S)trength, (I)ntelligence, or (D)exterity?
You feel clever. x2
The quokka attacks as you move away! The quokka barely misses you.
The hobgoblin attacks as you move away!
The hobgoblin hits you but does no damage.
Robin throws the goblin at you! The quokka attacks as you move away!
The quokka bites you. The goblin barely misses you.
The quokka barely misses you. The goblin attacks as you move away!
The goblin hits you with a +0 club. The quokka attacks as you move away!
The quokka bites you.
* * * LOW HITPOINT WARNING * * *
The goblin attacks as you move away! The goblin hits you with a +0 club.
You die...

######################
#gr.g@................
##g####################
#######..# #....gg.##
#.###g..# #..)g..#
#.g.g..# #.g..g..#
#.>.g####


You could see a quokka, a hobgoblin (strong) and 2 goblins.

Vanquished Creatures
  A ball python (D:1)
  An endoplasm (D:1)
  A giant cockroach (D:1)
  4 goblins
  5 hobgoblins (D:1)
  3 quokkas (D:1)
  2 bats (D:1)
  A frilled lizard (D:1)
  A kobold (D:1)
  A rat (D:1)
20 creatures vanquished.

Notes
Turn   | Place    | Note
-------+----------+-------------------------------------------
     0 | D:1      | 123456 the Gargoyle Earth Elementalist began the quest for
                  | the Orb.
     0 | D:1      | Reached XP level 1. HP: 10/10 MP: 3/3
   161 | D:1      | Reached XP level 2. HP: 15/15 MP: 3/5
   479 | D:1      | Found Ifeblory's Assorted Antiques.
   499 | D:1      | Reached skill level 4 in Earth Magic
   784 | D:1      | Found a faded altar of an unknown god.
  1215 | D:2      | Noticed Robin
  1218 | D:2      | Reached XP level 3. HP: 14/19 MP: 4/6
  1225 | D:2      | Slain by a goblin

Illustrated notes

Levels and vault maps discovered:
D:1:      psy_arrival_fountain, layout_basic,
          shapermc_ecumenical_altar_mp_urbaneastern, serial_shops, shop
D:2:      layout_basic, uniq_robin, uniq_crazy_yiuf_cottage

Skill      XL: |  1  2 |
---------------+-------+-----
Earth Magic    | 4 |  4.0
Dodging        | |  1.8
Stealth        | |  2.5
Spellcasting   | |  2.4
Transmutations | |  0.7

Action                   || total
-------------------------++-------
Melee: Unarmed           ||     4
       Dagger            ||     2
 Cast: Sandblast         ||    30
  Use: Scroll            ||     2
 Stab: Sleeping          ||     1
Armor: Robe              ||     7
Dodge: Dodged            ||    24

Table legend: (Time is in decaauts)
 A = Elapsed time spent in this place.
 B = Non-inter-level travel time spent in this place.
 C = Inter-level travel time spent in this place.
 D = Time resting spent in this place.
 E = Time spent auto-exploring this place.
 F = Levels seen in this place.
 G = Mean time per level.
                   A        B        C        D        E       F      G
               +--------+--------+--------+--------+--------+-----+--------+
         Total |   1238 |   1223 |     15 |      0 |   1070 |   2 |  619.0 |
       Dungeon |   1238 |   1223 |     15 |      0 |   1070 |   2 |  619.0 |
               +--------+--------+--------+--------+--------+-----+--------+

Top non-repeatable levels by time:
     D:1: 1096 daAuts
     D:2: 142 daAuts
